 Dungeon Sprint DCSS version bcrawl-1.21 (webtiles) character file.

Game seed: 17841575350919192903

230350164 MordorOrchid the Archmage (level 24, 265/265 HPs)
             Began as a Fairy Ice Elementalist on Feb 15, 2020.
             Was the Champion of Sif Muna.
             Escaped with the Orb
             ... and 17 runes on Feb 16, 2020!
             The game lasted 02:03:54 (7882 turns).

MordorOrchid the Archmage (Fairy Ice Elementalist)  Turns: 7882, Time: 02:03:55

Health: 265/265    AC: 38    Str:  6    XL:     24   Next: 55%
Magic:  46/56      EV: 32    Int: 32    God:    Sif Muna [******]
Gold:   61         SH: 35    Dex: 12    Spells: 1/77 levels left

rFire    + . .     SeeInvis .   U - +1 demon blade of Yredelemnul's Approval {flame, rN+}
rCold    . . .     Gourm    .   c - +0 shield
rNeg     + + .     Faith    .   (armour unavailable)
rPois    ∞         Spirit   .   p - +0 helmet
rElec    +         Reflect  +   A - +2 cloak
rCorr    .         Harm     .   (gloves currently unavailable)
MR       ++...     NoTele   +   (boots currently unavailable)
Stlth    +.........             s - +2 amulet of reflection
HPRegen  0.54/turn              q - ring of the Devil's Team {rElec rPois rC+ Slay+3}
MPRegen  0.35/turn              K - ring of fire

@: statue-form, divine energy, very slow
A: small, magic attunement, unstealthy, unfitting armour, able to fly, AC/SH +11
0: Orb of Zot
}: 17/17 runes: decaying, serpentine, barnacled, slimy, elven, silver, golden,
iron, obsidian, icy, bone, abyssal, glowing, magical, fiery, dark, gossamer
a: Fly, End Transformation, Stop Divine Energy, Channel Magic, Forget Spell,
Renounce Religion


You escaped.
You worshipped Sif Muna.
Sif Muna was exalted by your worship.
You were not hungry.
You were a stone statue.
You visited 1 branch You collected 1935 gold pieces.
You spent 1874 gold pieces at shops.

Inventory:

Hand Weapons
 b - a +5 blowgun
 m - the +4 staff of Dispater
   (You took it off Dispater in the Dungeon)
 y - a +4 rapier of draining
 C - the +7 sceptre of Asmodeus
   (You took it off Asmodeus in the Dungeon)
 U - the +1 demon blade of Yredelemnul's Approval (weapon) {flame, rN+}
   (You found it in the Dungeon)

   It has been specially enchanted to burn those struck by it, causing extra
   injury to most foes and up to half again as much damage against particularly
   susceptible opponents.
   Big, fiery blades are also staple armaments of hydra-hunters.
   It protects you from negative energy.
 V - the +3 broad axe of Bifusch {flame, +Blink rF+}
   (You found it in the Dungeon)

   It has been specially enchanted to burn those struck by it, causing extra
   injury to most foes and up to half again as much damage against particularly
   susceptible opponents.
   Big, fiery blades are also staple armaments of hydra-hunters.
   It protects you from fire.
   It lets you blink.
Missiles
 B - 300 tomahawks (quivered)
 P - 1214 bolts
 R - 12 curare-tipped needles
 Z - a throwing net {!f}
Armour
 c - a +0 shield (worn)
 p - a +0 helmet (worn)
 t - a +2 pair of boots of running (melded)
 A - a +2 cloak (worn)
 M - a +1 pair of gloves (melded)
Jewellery
 a - the ring "Guffitoq" {*Contam +Blink EV+4 Int+8 Stlth-}
   (You found it in the Dungeon)

   [ring of evasion]

   It affects your evasion (+4).
   It affects your intelligence (+8).
   It lets you blink.
   It causes magical contamination when unequipped.
   It makes you less stealthy.
 j - the ring "Zudecaf" {MR++ Str-5 Int+3 Stlth+}
   (You found it in the Dungeon)

   [ring of intelligence]

   It affects your strength (-5).
   It affects your intelligence (+3).
   It affects your resistance to hostile enchantments.
   It makes you more stealthy.
 n - the ring "Jifawun" {rElec MR+ Str+3 Slay+3}
   (You found it in the Dungeon)

   [ring of protection from magic]

   It affects your strength (+3).
   It affects your accuracy and damage with ranged weapons and melee attacks
   (+3).
   It insulates you from electricity.
   It affects your resistance to hostile enchantments.
 o - the ring of the Purple Skies {*Slow +Inv rC+ Slay+6 Stlth+}
   (You found it in the Dungeon)

   [ring of protection from cold]

   It affects your accuracy and damage with ranged weapons and melee attacks
   (+6).
   It protects you from cold.
   It lets you turn invisible.
   It may slow you when you take damage.
   It makes you more stealthy.
 q - the ring of the Devil's Team (left hand) {rElec rPois rC+ Slay+3}
   (You found it in the Dungeon)

   [ring of protection from cold]

   It affects your accuracy and damage with ranged weapons and melee attacks
   (+3).
   It protects you from cold.
   It insulates you from electricity.
   It protects you from poison.
 s - a +2 amulet of reflection (around neck)
 K - a ring of fire (right hand)
 L - an uncursed ring of fire
 S - an uncursed ring of wizardry
Wands
 r - a wand of enslavement (10)
 F - a wand of acid (8)
 Q - a wand of iceblast (3)
 Y - a wand of random effects (9)
Scrolls
 i - 2 scrolls of blinking
 l - 4 scrolls of remove curse
 w - 5 scrolls of fear
 x - 3 scrolls of fog
 O - 10 scrolls of enchant armour
Potions
 d - 9 potions of curing
 g - 4 potions of magic
 h - 6 potions of berserk rage
 k - 14 potions of heal wounds
 u - 3 potions of resistance
 v - 2 potions of mutation
 z - 3 potions of brilliance
 N - 2 potions of might
 X - 4 potions of haste
Miscellaneous
 f - the horn of Geryon
 E - a lightning rod (4/4)
 G - a phial of floods
 H - a sack of spiders
 I - 2 phantom mirrors
Comestibles
 e - 9 rations {!d}


   Skills:
 O Level 27 Fighting
 * Level 23.4(24.8) Short Blades
 * Level 13.7(18.5) Long Blades
 * Level 21.5 Throwing
 O Level 27 Dodging
 - Level 6.0 Stealth
 O Level 27 Shields
 O Level 27 Spellcasting
 O Level 27 Conjurations
 - Level 3.0 Charms
 - Level 24.2 Summonings
 - Level 21.2 Necromancy
 - Level 12.0 Translocations
 O Level 27 Transmutations
 O Level 27 Fire Magic
 O Level 27 Ice Magic
 - Level 22.0 Air Magic
 O Level 27 Earth Magic
 - Level 6.0 Invocations
 * Level 26.6 Evocations


You had one spell level left.
You knew the following spells:

 Your Spells              Type           Power        Failure   Level  Hunger
i - Throw Icicle          Conj/Ice       ########     0%          4    None
j - Summon Lightning Spi  Summ/Air       ########     0%          5    None
k - Regeneration          Chrm/Necr      #######...   0%          3    None
l - Glaciate              Conj/Ice/Air   ########..   1%          8    None
n - Necromutation         Tmut/Necr      ########     1%          8    None
o - Orb of Destruction    Conj           ########..   0%          7    None
r - Irradiate             Conj/Tmut      ########..   0%          5    None
s - Spellforged Servitor  Conj/Summ      ########..   0%          7    None
x - Blink                 Tloc           N/A          0%          2    None
E - Borgnjor's Vile Clut  Necr/Erth      ########..   0%          6    None
F - Fire Storm            Conj/Fire      ########..   1%          9    None
V - Infestation           Hex/Tmut/Pois  #######..    1%          6    None
Y - Statue Form           Tmut/Erth      ########.    0%          6    None

Your spell library contained the following spells:

 Spells                   Type           Power        Failure   Level  Hunger
 Animate Skeleton         Necr           N/A          0%          1    None
 Apportation              Tloc           ######       0%          1    None
 Beastly Appendage        Tmut           ######       0%          1    None
 Blink Other              Tloc           ######       0%          1    None
 Flame Tongue             Conj/Fire      #####        0%          1    None
 Freeze                   Ice            ######       0%          1    None
 Magic Dart               Conj           ####         0%          1    None
 Pain                     Necr           ######       0%          1    None
 Sandblast                Erth           ######       0%          1    None
 Shock                    Conj/Air       #####        0%          1    None
 Sting                    Conj/Pois      ####         0%          1    None
 Summon Butterflies       Summ           ########     0%          1    None
 Summon Small Mammal      Summ           ####         0%          1    None
 Corona                   Hex            #####..      1%          1    None
 Infusion                 Chrm           ######..     1%          1    None
 Slow                     Hex            #####...     1%          1    None
 Call Imp                 Summ           ######       0%          2    None
 Corpse Rot               Necr           N/A          0%          2    None
 Ensorcelled Hibernation  Hex/Ice        ######       0%          2    None
 Flaming Arrows           Chrm/Fire      ########     0%          2    None
 Passwall                 Tmut/Erth      ########     0%          2    None
 Poisonous Vapours        Pois/Air       ######       0%          2    None
 Searing Ray              Conj           ########     0%          2    None
 Sticks to Snakes         Tmut           ########     0%          2    None
 Sublimation of Blood     Necr           ########..   0%          2    None
 Swiftness                Chrm/Air       #######.     0%          2    None
 Throw Frost              Conj/Ice       ######       0%          2    None
 Beckoning                Tloc           #######...   0%          3    None
 Call Canine Familiar     Summ           ########     0%          3    None
 Conjure Flame            Conj/Fire      ########     0%          3    None
 Dazzling Spray           Conj/Hex       ######       0%          3    None
 False Image              Hex/Summ       #######.     0%          3    None
 Ignite Poison            Fire/Tmut/Pois ########     0%          3    None
 Inner Flame              Hex/Fire       N/A          0%          3    None
 Iskenderun's Mystic Bla  Conj           ########     0%          3    None
 Leda's Liquefaction      Hex/Erth       #######...   0%          3    None
 Mephitic Cloud           Conj/Pois/Air  #######.     0%          3    None
 Ozocubu's Armour         Chrm/Ice       #######.     0%          3    None
 Portal Projectile        Tloc           ######       0%          3    None
 Recall                   Summ/Tloc      N/A          0%          3    None
 Spider Form              Tmut/Pois      ###          0%          3    None
 Static Discharge         Air            ########     0%          3    None
 Stone Arrow              Conj/Erth      ######       0%          3    None
 Teleport Other           Tloc           #######.     0%          3    None
 Vampiric Draining        Necr           ########..   0%          3    None
 Airstrike                Air            ########..   0%          4    None
 Animate Dead             Necr           N/A          0%          4    None
 Ice Form                 Ice/Tmut       ########     0%          4    None
 Petrify                  Tmut/Erth      ########     0%          4    None
 Sticky Flame             Conj/Fire      ########     0%          4    None
 Summon Ice Beast         Ice/Summ       ########     0%          4    None
 Agony                    Necr           ########     0%          5    None
 Aura of Abjuration       Summ           ########..   0%          5    None
 Blade Hands              Tmut           ########..   0%          5    None
 Bolt of Draining         Conj/Necr      ########..   0%          5    None
 Bolt of Magma            Conj/Fire/Erth ########..   0%          5    None
 Dispel Undead            Necr           ########     0%          5    None
 Fireball                 Conj/Fire      ########..   0%          5    None
 Lee's Rapid Deconstruct  Erth           ########..   0%          5    None
 Lightning Bolt           Conj/Air       ########..   0%          5    None
 Summon Demon             Summ           ########..   0%          5    None
 Summon Forest            Summ/Tloc      ########..   0%          5    None
 Bolt of Cold             Conj/Ice       ########..   0%          6    None
 Bolt of Fire             Conj/Fire      ########..   0%          6    None
 Conjure Ball Lightning   Conj/Air       ########..   0%          6    None
 Freezing Cloud           Ice/Air        ########..   0%          6    None
 Iron Shot                Conj/Erth      ########..   0%          6    None
 Ozocubu's Refrigeration  Ice            ########..   0%          6    None
 Shadow Creatures         Summ           N/A          0%          6    None
 Simulacrum               Ice/Necr       ########..   0%          6    None
 Summon Hydra             Summ           ########..   0%          6    None
 Dragon Form              Tmut           #######      0%          7    None
 Icicle Burst             Conj/Ice       ########..   0%          7    None
 Shackle                  Hex            #####...     1%          2    None
 Song of Slaying          Chrm           ######..     1%          2    None
 Confuse                  Hex            #####...     1%          3    None
 Spectral Weapon          Hex/Chrm       ######..     1%          3    None
 Tukima's Dance           Hex            #####...     1%          3    None
 Force Lance              Tloc           #######.     1%          4    None
 Fulminant Prism          Conj/Hex       #######...   1%          4    None
 Summon Scorpions         Summ/Pois      #######.     1%          4    None
 Yara's Violent Unravell  Hex/Tmut       #######...   1%          4    None
 Iskenderun's Battlesphe  Conj/Chrm      #######.     1%          5    None
 Metabolic Englaciation   Hex/Ice        #######...   1%          5    None
 Silence                  Hex/Air        #######...   1%          5    None
 Summon Mana Viper        Hex/Summ       #######.     1%          5    None
 Tree Form                Hex/Tmut       N/A          1%          5    None
 Venom Bolt               Conj/Pois      #######...   1%          5    None
 Death Channel            Chrm/Necr      #######...   1%          6    None
 Deflect Missiles         Chrm/Air       #######...   1%          6    None
 Dispersal                Tloc           #######...   1%          6    None
 Poison Arrow             Conj/Pois      #######...   1%          6    None
 Steam Barrier            Chrm/Fire      ########..   1%          6    None
 Haunt                    Necr/Summ      ########..   1%          7    None
 Malign Gateway           Summ/Tloc      ########..   1%          7    None
 Mana Rupture             Conj/Hex       #######...   1%          7    None
 Monstrous Menagerie      Summ           ########..   1%          7    None
 Summon Greater Demon     Summ           ########..   1%          7    None
 Borgnjor's Revivificati  Necr           ########..   1%          8    None
 Chain Lightning          Conj/Air       ########..   1%          8    None
 Ignition                 Fire           ########..   1%          8    None
 Lehudib's Crystal Spear  Conj/Erth      ########..   1%          8    None
 Summon Horrible Things   Summ           ########..   1%          8    None
 Shatter                  Erth           ########..   1%          9    None
 Dragon's Call            Summ           ########..   2%          9    None
 Piercing Shot            Chrm           ######....   4%          5    None
 Cause Fear               Hex            #####.....   5%          4    None
 Olgreb's Toxic Radiance  Pois           #####...     5%          4    None
 Tornado                  Air            ########..   6%          9    None
 Controlled Blink         Tloc           N/A          26%         8    None
 Darkness                 Hex            #####.....   63%         6    None
 Invisibility             Hex            #####...     63%         6    None
 Time Stop                Chrm/Tloc      N/A          85%         8    None
 Discord                  Hex            #####.....   100%        8    None
 Passage of Golubria      Tloc           Unusable     N/A         5    N/A

Dungeon Overview and Level Annotations

Branches:
Dungeon (1/1)

Altars:
Cheibriados
Dithmenos
Elyvilon
Fedhas
Gozag
Hepliaklqana
Kikubaaqudgha
Lugonu
Makhleb
Nemelex Xobeh
Okawaru
Qazlal
Ru
Sif Muna
Trog
Uskayaw
Vehumet
Wu Jian
Xom
Yredelemnul
Zin
The Shining One
Beogh
Jiyva

Shops:
D *(!}


Innate Abilities, Weirdness & Mutations

Your spells do not cause hunger and MP costs are reduced by 1.
Your bright wings attract enemies. (Stealth-)
You cannot fit into any form of body armour.
((Your shimmering scales are hard and can block incoming attacks. (AC +11, SH +11)))
You are small and have problems with some larger weapons.
You can fly continuously.


Message History

Kusa partially resists.
You kill Kusa!
Sif Muna accepts your kill.
The great icy blast engulfs your fire vortex.
Your fire vortex is frozen!
Your fire vortex dissipates!
Your fire vortex is engulfed in freezing vapours.
Your fire vortex is engulfed in freezing vapours.
Things that are here:
a +5 scythe of freezing; a +0 chain mail
There is an open door, spattered with blood here.
You feel somewhat more hungry.
You close the door.
Casting: Glaciate (safe; 1% risk of failure)
Confirm with . or Enter, or press ? or * to list all spells.
You blink.
You feel less invigorated.
There is an open door to the Dungeon here.
There is a staircase leading out of the dungeon here.
You have escaped!

▓.............+)[)
▓.▓▓▓▓▓▓▓▓▓▓▓▓▓▓▓▓
▓.................
▓▓▓▓▓▓▓▓▓▓▓▓▓▓▓▓▓▓
▓..8....+......)..
▓.▓▓▓▓▓▓▓▓▓▓▓▓▓▓▓▓
▓.................
▓▓▓▓▓▓▓▓▓▓▓▓▓▓▓▓▓▓
▓8...'.....+)....+
▓▓▓▓▓▓▓▓▓▓▓▓▓▓▓▓▓▓


There were no monsters in sight!

Vanquished Creatures
  Cerebov (D)
  Antaeus (D)
  Asmodeus (D)
  Ereshkigal (D)
  the Royal Jelly (D)
  Gloorx Vloq (D)
  Mnoleg (D)
  Lom Lobon (D)
  A juggernaut (D)
  7 orbs of fire (D)
  Dispater (D)
  Xtahua (D)
  5 ancient liches (D)
  5 greater mummies (D)
  Boris (D)
  A Killer Klown (D)
  Margery (D)
  4 golden dragons (D)
  3 pandemonium lords (D)
  Frederick (D)
  Geryon (D)
  Nikola (D)
  A bone dragon (D)
  2 Shadow Fiends (D)
  2 Brimstone Fiends (D)
  An electric golem (D)
  A Hell Sentinel (D)
  A hellephant (D)
  4 liches (D)
  38 Orb Guardians (D)
  An Ice Fiend (D)
  4 tentacled monstrosities (D)
  A titan (D)
  5 quicksilver dragons (D)
  2 deep elf blademasters (D)
  A deep elf master archer (D)
  An Executioner (D)
  8 acid blobs (D)
  2 death cobs (D)
  12 sphinxes (D)
  A tengu reaver (D)
  9 shadow dragons (D)
  4 nagarajas (D)
  A draconian monk (D)
  Ilsuiw (D)
  A draconian knight (D)
  2 fire giants (D)
  6 storm dragons (D)
  2 deep elf sorcerers (D)
  A frost giant (D)
  5 azure jellies (D)
  2 black suns (D)
  Louise (D)
  2 orc warlords (D)
  5 emperor scorpions (D)
  A draconian scorcher (D)
  A ghost moth (D)
  3 cacodemons (D)
  Aizul (D)
  2 vault wardens (D)
  5 stone giants (D)
  3 draconian stormcallers (D)
  2 draconian shifters (D)
  5 very ugly things (D)
  2 draconian annihilators (D)
  2 reapers (D)
  A blood saint (D)
  A corrupter (D)
  5 deep elf demonologists (D)
  2 green draconians (D)
  3 yellow draconians (D)
  A starcursed mass (D)
  6 vampire knights (D)
  5 purple draconians (D)
  Nessos (D)
  3 black draconians (D)
  A deep elf annihilator (D)
  2 white draconians (D)
  5 merfolk javelineers (D)
  2 blizzard demons (D)
  4 deep elf death magi (D)
  4 mummy priests (D)
  2 ogre magi (D)
  A merfolk impaler (D)
  9 death oozes (D)
  4 yaktaur captains (D)
  2 fire dragons (D)
  5 naga warriors (D)
  8 ice dragons (D)
  2 monstrous demonspawn (D)
  3 rakshasas (D)
  23 vault guards (D)
  2 merfolk avatars (D)
  3 merfolk aquamancers (D)
  A ghost crab (D)
  4 hydras (D)
  2 shambling mangroves (D)
  4 centaur warriors (D)
  A deep troll earth mage (D)
  2 satyrs (D)
  A tengu warrior (D)
  A thrashing horror (D)
  A spriggan berserker (D)
  Urug (D)
  Nergalle (D)
  2 orc high priests (D)
  Sonja (D)
  A shock serpent (D)
  A soul eater (D)
  3 sixfirhies (D)
  A salamander mystic (D)
  A spriggan druid (D)
  A deep elf archer (D)
  An infernal demonspawn (D)
  8 swamp dragons (D)
  A torturous demonspawn (D)
  2 shadow demons (D)
  2 gelid demonspawn (D)
  4 ironbrand convokers (D)
  2 orc knights (D)
  2 harpies (D)
  A toenail golem (D)
  2 necromancers (D)
  7 orc sorcerers (D)
  2 wolf spiders (D)
  A cyclops (D)
  4 ugly things (D)
  A moth of wrath (shapeshifter) (D)
  9 moths of wrath (D)
  3 large abominations (D)
  A manticore (D)
  A worldbinder (D)
  A guardian serpent (shapeshifter) (D)
  A rust devil (D)
  An apocalypse crab (D)
  4 black mambas (D)
  2 naga magi (D)
  2 vault sentinels (D)
  4 guardian serpents (D)
  A water nymph (D)
  2 orange demons (D)
  6 cane toads (D)
  A yaktaur (shapeshifter) (D)
  2 ice devils (D)
  An efreet (D)
  A komodo dragon (D)
  2 freezing wraiths (D)
  19 guardian mummies (D)
  2 yaktaurs (D)
  4 demonic crawlers (D)
  2 red devils (D)
  A tengu conjurer (D)
  4 jumping spiders (D)
  2 hellwings (D)
  A troll (D)
  A wandering mushroom (D)
  2 snapping turtles (D)
  2 tyrant leeches (D)
  3 blink frogs (D)
  2 slime creatures (D)
  3 merfolk (D)
  A wind drake (D)
  2 hornets (D)
  3 bog bodies (D)
  A hippogriff (D)
  4 redbacks (D)
  A ynoxinul (D)
  11 spriggans (D)
  A yak (D)
  A wyvern (D)
  2 golden eyes (D)
  3 nagas (D)
  A soldier ant (D)
  A crocodile (D)
  An acid dragon (D)
  4 water moccasins (D)
  2 small abominations (D)
  10 orc warriors (D)
  2 porcupines (D)
  A swamp drake (D)
  2 eyes of draining (D)
  An eye of draining (shapeshifter) (D)
  A wolf (D)
  A boggart (D)
  2 centaurs (D)
  3 bullfrogs (D)
  A scorpion (D)
  A crimson imp (D)
  A quasit (D)
  An orc priest (D)
  A hound (D)
  8 orc wizards (D)
  An iguana (D)
  2 worker ants (D)
  An adder (D)
  2 ball lightnings (D)
  A dart slug (D)
  An adder simulacrum (D)
  A leopard gecko (D)
  10 orcs (D)
  A bat (D)
  2 giant cockroaches (D)
  2 hobgoblins (D)
  A bat simulacrum (D)
  43 blocks of ice (D)
  11 fire vortices (D)
625 creatures vanquished.

Vanquished Creatures (collateral kills)
  Mara (D)
  2 acid blobs (D)
  A sphinx (D)
  A ghost moth (D)
  An ettin (D)
  2 vault guards (D)
  A swamp dragon (shapeshifter) (D)
  A yaktaur (D)
  A tarantella (D)
  A floating eye (D)
  2 ball lightnings (D)
  5 blocks of ice (D)
19 creatures vanquished.

Vanquished Creatures (others)
  A hydra (D)
  7 ball lightnings (D)
  52 blocks of ice (D)
  84 fire vortices (D)
144 creatures vanquished.

Grand Total: 788 creatures vanquished

Notes
Turn   | Place    | Note
-------+----------+-------------------------------------------
     0 | D        | MordorOrchid the Fairy Ice Elementalist began the quest for
                  | the Orb.
     0 | D        | Reached XP level 1. HP: 11/11 MP: 6/6
     6 | D        | Reached skill level 1 in Evocations
    10 | D        | Reached XP level 2. HP: 16/18 MP: 6/8
    13 | D        | Reached skill level 1 in Fighting
    23 | D        | Learned a level 2 spell: Throw Frost
    63 | D        | Noticed a centaur
    70 | D        | Killed a centaur
    70 | D        | Reached skill level 5 in Dodging
    70 | D        | Reached XP level 3. HP: 18/25 MP: 8/12
    70 | D        | Reached XP level 4. HP: 22/30 MP: 9/14
    86 | D        | Learned a level 4 spell: Throw Icicle
    88 | D        | Reached XP level 5. HP: 26/35 MP: 11/16
    95 | D        | Learned a level 4 spell: Summon Ice Beast
    98 | D        | Reached skill level 1 in Summonings
   124 | D        | Found a roughly hewn altar of Beogh.
   124 | D        | Found a snail-covered altar of Cheibriados.
   124 | D        | Found a shadowy altar of Dithmenos.
   124 | D        | Found a white marble altar of Elyvilon.
   124 | D        | Found a blossoming altar of Fedhas.
   124 | D        | Found an opulent altar of Gozag.
   125 | D        | Found a hazy altar of Hepliaklqana.
   126 | D        | Found a viscous altar of Jiyva.
   127 | D        | Found an ancient bone altar of Kikubaaqudgha.
   128 | D        | Found a corrupted altar of Lugonu.
   129 | D        | Found a burning altar of Makhleb.
   130 | D        | Found a sparkling altar of Nemelex Xobeh.
   131 | D        | Found an iron altar of Okawaru.
   132 | D        | Found a stormy altar of Qazlal.
   133 | D        | Found a sacrificial altar of Ru.
   134 | D        | Found a shimmering blue altar of Sif Muna.
   135 | D        | Found a bloodstained altar of Trog.
   136 | D        | Found a hide-covered altar of Uskayaw.
   137 | D        | Found a radiant altar of Vehumet.
   138 | D        | Found an ornate altar of the Wu Jian Council.
   139 | D        | Found a shimmering altar of Xom.
   140 | D        | Found a basalt altar of Yredelemnul.
   141 | D        | Found a glowing silver altar of Zin.
   142 | D        | Became a worshipper of Sif Muna the Loreminder
   143 | D        | Found a glowing golden altar of the Shining One.
   188 | D        | Learned a level 3 spell: Ozocubu's Armour
   189 | D        | Noticed a centaur
   189 | D        | Noticed a cyclops
   193 | D        | Reached * piety under Sif Muna
   193 | D        | Identified Sif Muna's Tome of the Snowflakes and the
                  | Mountains (Sif Muna gifted it to you in the Dungeon)
   193 | D        | Received a gift from Sif Muna
   199 | D        | Killed a centaur
   199 | D        | Reached XP level 6. HP: 37/41 MP: 19/19
   205 | D        | Killed a cyclops
   205 | D        | Reached ** piety under Sif Muna
   205 | D        | Identified Sif Muna's Grimoire of Supportive Malediction
                  | (Sif Muna gifted it to you in the Dungeon)
   205 | D        | Received a gift from Sif Muna
   205 | D        | Reached skill level 10 in Spellcasting
   205 | D        | Reached skill level 5 in Summonings
   205 | D        | Reached skill level 10 in Ice Magic
   205 | D        | Reached XP level 7. HP: 10/45 MP: 19/22
   224 | D        | Learned a level 6 spell: Freezing Cloud
   250 | D        | Learned a level 1 spell: Summon Butterflies
   365 | D        | Noticed an ogre mage
   365 | D        | Noticed a guardian serpent
   365 | D        | Noticed a hippogriff
   365 | D        | Noticed a redback
   365 | D        | Noticed a soldier ant
   365 | D        | Noticed a centaur warrior
   367 | D        | Killed a guardian serpent
   367 | D        | Reached *** piety under Sif Muna
   367 | D        | Reached XP level 8. HP: 51/51 MP: 22/24
   368 | D        | Killed an ogre mage
   368 | D        | Identified Sif Muna's Tome of Dislocation and Fire (Sif
                  | Muna gifted it to you in the Dungeon)
   368 | D        | Received a gift from Sif Muna
   368 | D        | Reached skill level 10 in Dodging
   368 | D        | Reached XP level 9. HP: 55/55 MP: 22/26
   370 | D        | Received a gift from Sif Muna
   370 | D        | Reached skill level 5 in Air Magic
   372 | D        | Killed a centaur warrior
   372 | D        | Reached **** piety under Sif Muna
   372 | D        | Identified Sif Muna's Papyrus of Harmful Necromancy (Sif
                  | Muna gifted it to you in the Dungeon)
   372 | D        | Received a gift from Sif Muna
   372 | D        | Reached skill level 5 in Invocations
   392 | D        | Learned a level 5 spell: Lightning Bolt
   558 | D        | Noticed a black mamba
   558 | D        | Noticed a cane toad
   559 | D        | Noticed a komodo dragon
   562 | D        | Killed a cane toad
   562 | D        | Reached XP level 10. HP: 61/61 MP: 14/29
   563 | D        | Identified Sif Muna's Handbook of Lightness and Calling
                  | (Sif Muna gifted it to you in the Dungeon)
   563 | D        | Received a gift from Sif Muna
   564 | D        | Killed a black mamba
   564 | D        | Reached ***** piety under Sif Muna
   564 | D        | Reached skill level 10 in Conjurations
   568 | D        | Noticed a cane toad
   571 | D        | Killed a cane toad
   572 | D        | Learned a level 5 spell: Summon Lightning Spire
   600 | D        | Noticed a black mamba
   603 | D        | Received a gift from Sif Muna
   604 | D        | Killed a black mamba
   610 | D        | Noticed a cane toad
   613 | D        | Killed a cane toad
   697 | D        | Noticed a cane toad
   698 | D        | Noticed a cane toad
   699 | D        | Killed a cane toad
   699 | D        | Identified Sif Muna's Catalogue of Feathery Earth (Sif Muna
                  | gifted it to you in the Dungeon)
   699 | D        | Received a gift from Sif Muna
   699 | D        | Reached skill level 15 in Spellcasting
   700 | D        | Reached skill level 15 in Ice Magic
   700 | D        | Reached XP level 11. HP: 65/65 MP: 20/32
   703 | D        | Received a gift from Sif Muna
   792 | D        | Noticed Urug
   804 | D        | Killed Urug
   984 | D        | Received a gift from Sif Muna
  1030 | D        | Noticed an orc high priest
  1030 | D        | Noticed an orc knight
  1031 | D        | Noticed an orc high priest
  1033 | D        | Killed an orc high priest
  1034 | D        | Killed an orc high priest
  1034 | D        | Identified Sif Muna's Almanac of Attacks (Sif Muna gifted
                  | it to you in the Dungeon)
  1034 | D        | Received a gift from Sif Muna
  1037 | D        | Killed an orc knight
  1042 | D        | Noticed an orc knight
  1048 | D        | Killed an orc knight
  1084 | D        | Found Xunu's Assorted Antiques.
  1084 | D        | Noticed an orc sorcerer
  1084 | D        | Noticed an orc sorcerer
  1084 | D        | Noticed an orc sorcerer
  1084 | D        | Noticed an orc sorcerer
  1085 | D        | Noticed an orc sorcerer
  1086 | D        | Killed an orc sorcerer
  1086 | D        | Reached skill level 5 in Fighting
  1086 | D        | Killed an orc sorcerer
  1087 | D        | Killed an orc sorcerer
  1087 | D        | Identified Sif Muna's Grimoire of Frigorific Execration
                  | (Sif Muna gifted it to you in the Dungeon)
  1087 | D        | Received a gift from Sif Muna
  1087 | D        | Reached ****** piety under Sif Muna
  1088 | D        | Killed an orc sorcerer
  1088 | D        | Killed an orc sorcerer
  1088 | D        | Reached XP level 12. HP: 77/77 MP: 16/35
  1095 | D        | Found Quadat's Antique Weapon Shoppe.
  1117 | D        | Found Fuku's Distillery.
  1119 | D        | Received a gift from Sif Muna
  1134 | D        | Found Tedeabbi's Gadget Shoppe.
  1139 | D        | Bought a scroll labeled MION PEEFO for 26 gold pieces
  1151 | D        | Bought a lightning rod (4/4) for 480 gold pieces
  1151 | D        | Bought a wand of acid (8) for 288 gold pieces
  1151 | D        | Bought a phial of floods for 480 gold pieces
  1151 | D        | Bought a sack of spiders for 240 gold pieces
  1151 | D        | Bought a phantom mirror for 360 gold pieces
  1178 | D        | Learned a level 6 spell: Bolt of Cold
  1322 | D        | Noticed a centaur warrior
  1324 | D        | Reached skill level 15 in Dodging
  1325 | D        | Killed a centaur warrior
  1333 | D        | Noticed a deep elf demonologist
  1335 | D        | Noticed a fire giant
  1336 | D        | Noticed a Hell Sentinel
  1341 | D        | Identified Sif Muna's Collected Works on Congealing Calling
                  | (Sif Muna gifted it to you in the Dungeon)
  1341 | D        | Received a gift from Sif Muna
  1344 | D        | Killed a deep elf demonologist
  1350 | D        | Killed a fire giant
  1352 | D        | Reached skill level 15 in Conjurations
  1353 | D        | Noticed an ice dragon
  1356 | D        | Killed an ice dragon
  1361 | D        | Noticed an ice dragon
  1361 | D        | Noticed a frost giant
  1366 | D        | Killed an ice dragon
  1366 | D        | Identified Sif Muna's Catalogue of Conjuration (Sif Muna
                  | gifted it to you in the Dungeon)
  1366 | D        | Received a gift from Sif Muna
  1367 | D        | Killed a frost giant
  1424 | D        | Learned a level 7 spell: Orb of Destruction
  1445 | D        | Noticed Sonja
  1485 | D        | Killed Sonja
  1572 | D        | Noticed a shock serpent
  1572 | D        | Noticed a naga warrior
  1572 | D        | Noticed a naga warrior
  1574 | D        | Killed a shock serpent
  1577 | D        | Killed a naga warrior
  1577 | D        | Identified Lehudib's Guide on Arcane Weapons (Sif Muna
                  | gifted it to you in the Dungeon)
  1577 | D        | Received a gift from Sif Muna
  1578 | D        | Killed a naga warrior
  1578 | D        | Reached XP level 13. HP: 63/88 MP: 6/38
  1580 | D        | Noticed a nagaraja
  1584 | D        | Killed a nagaraja
  1615 | D        | Learned a level 7 spell: Spellforged Servitor
  1786 | D        | Noticed a merfolk javelineer
  1788 | D        | Identified Biumn's Disquisition on the Ashen Glacier (Sif
                  | Muna gifted it to you in the Dungeon)
  1788 | D        | Received a gift from Sif Muna
  1789 | D        | Killed a merfolk javelineer
  1789 | D        | Reached skill level 1 in Charms
  1826 | D        | Identified Sif Muna's Guide on Lucky Conjuration (Sif Muna
                  | gifted it to you in the Dungeon)
  1826 | D        | Received a gift from Sif Muna
  1833 | D        | Learned a level 3 spell: Regeneration
  1927 | D        | Reached skill level 1 in Necromancy
  2038 | D        | Killed a ghost moth
  2038 | D        | Identified Sif Muna's Collected Works on Congealing
                  | Conjuration (Sif Muna gifted it to you in the Dungeon)
  2038 | D        | Received a gift from Sif Muna
  2087 | D        | Received a gift from Sif Muna
  2091 | D        | Reached skill level 10 in Air Magic
  2210 | D        | Noticed a stone giant
  2210 | D        | Noticed a lich
  2210 | D        | Noticed a stone giant
  2215 | D        | Noticed a tengu reaver
  2216 | D        | Killed a stone giant
  2216 | D        | Received a gift from Sif Muna
  2216 | D        | Killed a stone giant
  2216 | D        | Noticed a Killer Klown
  2217 | D        | Killed a lich
  2217 | D        | Identified Sif Muna's Almanac of Unholy Magic and Beguiling
                  | (Sif Muna gifted it to you in the Dungeon)
  2217 | D        | Received a gift from Sif Muna
  2217 | D        | Reached skill level 10 in Fighting
  2217 | D        | Reached XP level 14. HP: 61/99 MP: 24/41
  2224 | D        | Killed a tengu reaver
  2226 | D        | Killed a Killer Klown
  2226 | D        | Identified Sif Muna's Handbook of Venomous Good Luck (Sif
                  | Muna gifted it to you in the Dungeon)
  2226 | D        | Received a gift from Sif Muna
  2234 | D        | Noticed a stone giant
  2237 | D        | Killed a stone giant
  2237 | D        | Identified Lotudod's Volume of Destructive Air (Sif Muna
                  | gifted it to you in the Dungeon)
  2237 | D        | Received a gift from Sif Muna
  2257 | D        | Noticed a cyan very ugly thing
  2266 | D        | Killed a cyan very ugly thing
  2274 | D        | Identified Sif Muna's Guide on Changing and Unholy Rituals
                  | (Sif Muna gifted it to you in the Dungeon)
  2274 | D        | Received a gift from Sif Muna
  2326 | D        | Learned a level 8 spell: Glaciate
  2328 | D        | Noticed an orc warlord
  2332 | D        | Killed an orc warlord
  2332 | D        | Identified Sif Muna's Grimoire of Conjuration (Sif Muna
                  | gifted it to you in the Dungeon)
  2332 | D        | Received a gift from Sif Muna
  2337 | D        | Noticed a juggernaut
  2344 | D        | Reached skill level 15 in Air Magic
  2348 | D        | Killed a juggernaut
  2348 | D        | Identified Sif Muna's Tome of Unstable Enhancements (Sif
                  | Muna gifted it to you in the Dungeon)
  2348 | D        | Received a gift from Sif Muna
  2348 | D        | Reached XP level 15. HP: 105/108 MP: 3/43
  2354 | D        | Identified Sif Muna's Handbook of Lightness and Execration
                  | (Sif Muna gifted it to you in the Dungeon)
  2354 | D        | Received a gift from Sif Muna
  2401 | D        | Received a gift from Sif Muna
  2409 | D        | Noticed a vault warden
  2412 | D        | Killed a vault warden
  2491 | D        | Noticed Boris
  2494 | D        | Noticed Margery
  2530 | D        | Killed Boris
  2531 | D        | Killed Margery
  2531 | D        | Identified Sif Muna's Handbook of Earthen Creation (Sif
                  | Muna gifted it to you in the Dungeon)
  2531 | D        | Received a gift from Sif Muna
  2631 | D        | Got the +1 demon blade of Yredelemnul's Approval {flame,
                  | rN+}
  2633 | D        | Got the +3 broad axe of Bifusch {flame, +Blink rF+}
  2744 | D        | Noticed Louise
  2757 | D        | Killed Louise
  2789 | D        | Noticed Mara
  2799 | D        | Noticed MordorOrchid's illusion
  2804 | D        | Killed Mara
  2804 | D        | Identified Sif Muna's Collected Works on Unstable
                  | Enhancements (Sif Muna gifted it to you in the Dungeon)
  2804 | D        | Received a gift from Sif Muna
  2839 | D        | Identified Sif Muna's Collected Works on Gliding Evil
                  | Rituals (Sif Muna gifted it to you in the Dungeon)
  2839 | D        | Received a gift from Sif Muna
  2851 | D        | Noticed Ilsuiw
  2853 | D        | Received a gift from Sif Muna
  2855 | D        | Killed Ilsuiw
  2884 | D        | Got a barnacled rune of Zot
  2900 | D        | Learned a level 9 spell: Fire Storm
  2904 | D        | Received a gift from Sif Muna
  2904 | D        | Reached XP level 16. HP: 118/118 MP: 24/47
  2904 | D        | Reached skill level 5 in Fire Magic
  2921 | D        | Identified Sif Muna's Tome of Air and Creation (Sif Muna
                  | gifted it to you in the Dungeon)
  2921 | D        | Received a gift from Sif Muna
  2927 | D        | Reached skill level 10 in Fire Magic
  2940 | D        | Got a decaying rune of Zot
  2950 | D        | Noticed a nagaraja
  2950 | D        | Received a gift from Sif Muna
  2950 | D        | Noticed a nagaraja
  2952 | D        | Killed a nagaraja
  2954 | D        | Received a gift from Sif Muna
  2960 | D        | Noticed a nagaraja
  2961 | D        | Killed a nagaraja
  2961 | D        | Reached skill level 15 in Fire Magic
  2975 | D        | Killed a nagaraja
  2975 | D        | Identified Sif Muna's Almanac of Dusty Orientation (Sif
                  | Muna gifted it to you in the Dungeon)
  2975 | D        | Received a gift from Sif Muna
  2997 | D        | Got a serpentine rune of Zot
  3075 | D        | Received a gift from Sif Muna
  3076 | D        | Received a gift from Sif Muna
  3110 | D        | Identified Diwoukli's Almanac of Flying Curses (Sif Muna
                  | gifted it to you in the Dungeon)
  3110 | D        | Received a gift from Sif Muna
  3117 | D        | Got a gossamer rune of Zot
  3139 | D        | Noticed Xtahua
  3145 | D        | Killed Xtahua
  3145 | D        | Identified Sif Muna's Volume of Congealing Dislocation (Sif
                  | Muna gifted it to you in the Dungeon)
  3145 | D        | Received a gift from Sif Muna
  3221 | D        | Noticed Nikola
  3225 | D        | Killed Nikola
  3269 | D        | Noticed Frederick
  3276 | D        | Killed Frederick
  3276 | D        | Received a gift from Sif Muna
  3276 | D        | Reached skill level 1 in Short Blades
  3337 | D        | Received a gift from Sif Muna
  3338 | D        | Reached XP level 17. HP: 126/126 MP: 41/49
  3344 | D        | Identified Sif Muna's Collected Works on Dislocated Dark
                  | Magic (Sif Muna gifted it to you in the Dungeon)
  3344 | D        | Received a gift from Sif Muna
  3355 | D        | Received a gift from Sif Muna
  3359 | D        | Reached skill level 27 in Spellcasting
  3376 | D        | Reached skill level 5 in Short Blades
  3386 | D        | Reached skill level 15 in Fighting
  3457 | D        | Learned a level 2 spell: Blink
  3464 | D        | Learned a level 6 spell: Statue Form
  3470 | D        | Noticed a sphinx
  3470 | D        | Noticed a golden dragon
  3472 | D        | Killed a sphinx
  3472 | D        | Reached skill level 5 in Transmutations
  3472 | D        | Noticed a tentacled monstrosity
  3475 | D        | Killed a tentacled monstrosity
  3476 | D        | Killed a golden dragon
  3476 | D        | Reached skill level 10 in Earth Magic
  3484 | D        | Reached skill level 10 in Transmutations
  3499 | D        | Reached skill level 10 in Evocations
  3557 | D        | Noticed a titan
  3557 | D        | Noticed a quicksilver dragon
  3561 | D        | Killed a titan
  3565 | D        | Noticed a golden dragon
  3581 | D        | Killed a quicksilver dragon
  3583 | D        | Killed a golden dragon
  3583 | D        | Reached XP level 18. HP: 134/134 MP: 3/51
  3606 | D        | Identified the ring "Guffitoq" {*Contam +Blink EV+4 Int+8
                  | Stlth-}
  3609 | D        | Got a silver rune of Zot
  3645 | D        | Noticed Nergalle
  3646 | D        | Killed Nergalle
  3711 | D        | Got the ring "Zudecaf" {MR++ Str-5 Int+3 Stlth+}
  3713 | D        | Got the ring "Jifawun" {rElec MR+ Str+3 Slay+3}
  3715 | D        | Got the ring of the Purple Skies {*Slow +Inv rC+ Slay+6
                  | Stlth+}
  3717 | D        | Got the ring "Gooko" {rPois Str+3}
  3724 | D        | Got the ring of the Devil's Team {rElec rPois rC+ Slay+3}
  3758 | D        | Identified a +0 pair of boots of running (You found it in
                  | the Dungeon)
  3859 | D        | Noticed Nessos
  3860 | D        | Killed Nessos
  3861 | D        | Noticed Aizul
  3865 | D        | Killed Aizul
  3896 | D        | Reached skill level 5 in Throwing
  3932 | D        | Noticed a bone dragon
  3932 | D        | Noticed a golden dragon
  3935 | D        | Killed a bone dragon
  3937 | D        | Killed a golden dragon
  3999 | D        | Noticed a tentacled monstrosity
  3999 | D        | Noticed a quicksilver dragon
  4001 | D        | Reached skill level 27 in Shields
  4001 | D        | Killed a quicksilver dragon
  4001 | D        | Killed a tentacled monstrosity
  4029 | D        | Noticed an Orb Guardian
  4031 | D        | Killed an Orb Guardian
  4064 | D        | Noticed a golden dragon
  4068 | D        | Noticed a quicksilver dragon
  4071 | D        | Killed a golden dragon
  4071 | D        | Reached XP level 19. HP: 125/144 MP: 0/52
  4104 | D        | Noticed a tentacled monstrosity
  4108 | D        | Killed a tentacled monstrosity
  4108 | D        | Reached skill level 27 in Conjurations
  4230 | D        | Learned a level 5 spell: Irradiate
  4230 | D        | Noticed an Orb Guardian
  4230 | D        | Noticed an Orb Guardian
  4230 | D        | Noticed an Orb Guardian
  4230 | D        | Noticed an Orb Guardian
  4230 | D        | Noticed an Orb Guardian
  4230 | D        | Noticed an Orb Guardian
  4231 | D        | Killed an Orb Guardian
  4231 | D        | Noticed an Orb Guardian
  4232 | D        | Killed an Orb Guardian
  4232 | D        | Killed an Orb Guardian
  4232 | D        | Killed an Orb Guardian
  4233 | D        | Killed an Orb Guardian
  4233 | D        | Killed an Orb Guardian
  4234 | D        | Killed an Orb Guardian
  4234 | D        | Noticed an Orb Guardian
  4235 | D        | Killed an Orb Guardian
  4240 | D        | Noticed an Orb Guardian
  4240 | D        | Noticed an Orb Guardian
  4243 | D        | Killed an Orb Guardian
  4243 | D        | Killed an Orb Guardian
  4262 | D        | Noticed an Orb Guardian
  4262 | D        | Noticed an Orb Guardian
  4264 | D        | Killed an Orb Guardian
  4264 | D        | Killed an Orb Guardian
  4270 | D        | Noticed an Orb Guardian
  4271 | D        | Noticed an Orb Guardian
  4274 | D        | Killed an Orb Guardian
  4274 | D        | Killed an Orb Guardian
  4297 | D        | Noticed an ancient lich
  4300 | D        | Killed an ancient lich
  4319 | D        | Noticed an orb of fire
  4320 | D        | Noticed an electric golem
  4323 | D        | Killed an orb of fire
  4323 | D        | Reached skill level 15 in Earth Magic
  4323 | D        | Reached XP level 20. HP: 156/156 MP: 25/53
  4323 | D        | Killed an electric golem
  4323 | D        | Reached skill level 27 in Fire Magic
  4323 | D        | Reached skill level 27 in Ice Magic
  4331 | D        | Noticed an orb of fire
  4331 | D        | Noticed an orb of fire
  4331 | D        | Noticed an orb of fire
  4333 | D        | Noticed an orb of fire
  4335 | D        | Killed an orb of fire
  4335 | D        | Reached skill level 27 in Dodging
  4335 | D        | Reached skill level 15 in Transmutations
  4335 | D        | Killed an orb of fire
  4336 | D        | Killed an orb of fire
  4338 | D        | Killed an orb of fire
  4339 | D        | Noticed an orb of fire
  4349 | D        | Noticed an orb of fire
  4352 | D        | Killed an orb of fire
  4353 | D        | Killed an orb of fire
  4382 | D        | Reached XP level 21. HP: 131/177 MP: 17/54
  4395 | D        | Reached skill level 27 in Earth Magic
  4492 | D        | Noticed an ancient lich
  4492 | D        | Noticed an ancient lich
  4495 | D        | Killed an ancient lich
  4495 | D        | Reached skill level 27 in Fighting
  4496 | D        | Killed an ancient lich
  4496 | D        | Noticed an ancient lich
  4499 | D        | Noticed an ancient lich
  4500 | D        | Killed an ancient lich
  4501 | D        | Killed an ancient lich
  4501 | D        | Reached skill level 5 in Stealth
  4501 | D        | Reached skill level 10 in Summonings
  4506 | D        | Paralysed by a vampire knight for 2 turns
  4539 | D        | Learned a level 8 spell: Necromutation
  4540 | D        | Reached skill level 15 in Evocations
  4592 | D        | Reached skill level 5 in Necromancy
  4614 | D        | Reached skill level 10 in Necromancy
  4626 | D        | Got an elven rune of Zot
  4639 | D        | Reached skill level 15 in Summonings
  4647 | D        | Noticed the Royal Jelly
  4652 | D        | Reached XP level 22. HP: 179/190 MP: 25/55
  4655 | D        | Killed the Royal Jelly
  4663 | D        | Reached skill level 15 in Necromancy
  4671 | D        | Got a slimy rune of Zot
  4873 | D        | Noticed a greater mummy
  4873 | D        | Noticed a greater mummy
  4873 | D        | Noticed a greater mummy
  4877 | D        | Killed a greater mummy
  4877 | D        | Killed a greater mummy
  4877 | D        | Noticed a greater mummy
  4880 | D        | Killed a greater mummy
  4881 | D        | Killed a greater mummy
  4886 | D        | Noticed a greater mummy
  4890 | D        | Killed a greater mummy
  4897 | D        | Got a golden rune of Zot
  4953 | D        | Got an abyssal rune of Zot
  5078 | D        | Noticed Geryon
  5083 | D        | Killed Geryon
  5109 | D        | Learned a level 5 spell: Passage of Golubria
  5120 | D        | Noticed Mnoleg
  5120 | D        | Noticed Lom Lobon
  5120 | D        | Noticed Gloorx Vloq
  5134 | D        | Noticed Antaeus
  5141 | D        | Killed Mnoleg
  5243 | D        | Killed Lom Lobon
  5243 | D        | Reached skill level 10 in Short Blades
  5243 | D        | Reached XP level 23. HP: 156/197 MP: 7/56
  5263 | D        | Killed Antaeus
  5372 | D        | Noticed Ereshkigal
  5393 | D        | Killed Ereshkigal
  5433 | D        | Identified the +4 staff of Dispater
  5433 | D        | Noticed Dispater
  5464 | D        | Killed Dispater
  5524 | D        | Killed Gloorx Vloq
  5524 | D        | Reached skill level 15 in Short Blades
  5560 | D        | Got a glowing rune of Zot
  5564 | D        | Got a magical rune of Zot
  5568 | D        | Got a dark rune of Zot
  5572 | D        | Got a bone rune of Zot
  5574 | D        | Identified the +6 sword of Cerebov {flame}
  5574 | D        | Noticed Cerebov
  5577 | D        | Identified the +7 sceptre of Asmodeus
  5577 | D        | Noticed Asmodeus
  5617 | D        | Killed Cerebov
  5617 | D        | Reached skill level 15 in Throwing
  5617 | D        | Reached skill level 27 in Transmutations
  5617 | D        | HP: 5/197 [Asmodeus/hellfire (36)]
  5814 | D        | Killed Asmodeus
  5883 | D        | Got an icy rune of Zot
  5887 | D        | Got an iron rune of Zot
  5891 | D        | Got a fiery rune of Zot
  5895 | D        | Got an obsidian rune of Zot
  6258 | D        | Learned a level 6 spell: Borgnjor's Vile Clutch
  6267 | D        | Learned a level 6 spell: Infestation
  6267 | D        | Got the Orb of Zot
  6713 | D        | Reached skill level 5 in Long Blades
  6905 | D        | Reached XP level 24. HP: 204/204 MP: 24/56
  6932 | D        | Noticed Desud the pandemonium lord
  6939 | D        | Noticed a golden dragon
  6940 | D        | Killed Desud the pandemonium lord
  7222 | D        | Reached skill level 10 in Long Blades
  7475 | D        | Noticed Riliare the pandemonium lord
  7488 | D        | Killed Riliare the pandemonium lord
  7863 | D        | Noticed Kusa the pandemonium lord
  7867 | D        | Killed Kusa the pandemonium lord
  7882 | D        | Escaped with the Orb!

Skill      XL: |  1  2  3  4  5  6  7  8  9 10 11 12 13 14 15 16 17 18 19 20 21 22 23 24 |
---------------+-------------------------------------------------------------------------+-----
Spellcasting   | 3 6 8 10 11 13 15 17 19 21 22 25 26 27 | 27.0
Dodging        | 3 5 7 8 9 10 11 12 14 16 17 19 21 22 24 26 27 | 27.0
Ice Magic      | 4 6 8 10 11 12 13 15 16 17 18 19 20 21 22 26 27 | 27.0
Evocations     | 1 3 4 6 7 8 13 15 23 26 | 26.6
Fighting       | 2 5 8 10 11 13 14 15 17 19 24 27 | 27.0
Conjurations   | 2 4 6 8 9 11 13 16 18 20 22 23 24 26 27 | 27.0
Summonings     | 3 5 8 16 24 | 24.2
Air Magic      | 2 4 7 9 11 16 18 22 | 22.0
Invocations    | 2 3 5 6 |  6.0
Charms         | 3 |  3.0
Necromancy     | 4 13 21 | 21.2
Fire Magic     | 4 21 22 26 27 | 27.0
Short Blades   | 2 6 9 10 20 23 | 23.4
Transmutations | 10 13 15 19 25 27 | 27.0
Earth Magic    | 10 15 25 27 | 27.0
Shields        | 16 27 | 27.0
Throwing       | 5 8 9 18 21 | 21.5
Stealth        | 6 |  6.0
Translocations | 12 | 12.0
Long Blades    | 7 13 | 13.7

Action                   |  1- 3 |  4- 6 |  7- 9 | 10-12 | 13-15 | 16-18 | 19-21 | 22-24 || total
-------------------------+-------+-------+-------+-------+-------+-------+-------+-------++-------
Melee: Rapier            |       |     6 |       |       |    24 |    59 |    38 |    20 ||   147
       Demon blade       |       |       |       |       |       |       |       |    20 ||    20
Throw: Tomahawk          |       |       |       |       |       |     1 |       |       ||     1
 Cast: Freeze            |    12 |    15 |     1 |     7 |       |       |       |       ||    35
       Freezing Cloud    |       |       |     2 |    18 |     8 |       |       |       ||    28
       Lightning Bolt    |       |       |     1 |    34 |    46 |     6 |     3 |       ||    90
       Throw Icicle      |       |       |     1 |    15 |    13 |     3 |     1 |    11 ||    44
       Ozocubu's Armour  |       |       |     1 |     7 |     7 |    10 |       |     1 ||    26
       Bolt of Cold      |       |       |       |     7 |    14 |     3 |     1 |       ||    25
       Summon Lightning  |       |       |       |     5 |     7 |     1 |       |       ||    13
       Regeneration      |       |       |       |       |     8 |     6 |     3 |    16 ||    33
       Orb of Destructio |       |       |       |       |     7 |     8 |     2 |    65 ||    82
       Glaciate          |       |       |       |       |    28 |    55 |    44 |    75 ||   202
       Spellforged Servi |       |       |       |       |     4 |       |       |    14 ||    18
       Fire Storm        |       |       |       |       |       |    42 |    35 |    79 ||   156
       Blink             |       |       |       |       |       |     2 |       |    92 ||    94
       Statue Form       |       |       |       |       |       |       |     1 |     3 ||     4
       Passage of Golubr |       |       |       |       |       |       |       |    27 ||    27
       Necromutation     |       |       |       |       |       |       |       |     5 ||     5
       Borgnjor's Vile C |       |       |       |       |       |       |       |     2 ||     2
Invok: Divine Energy     |       |       |     1 |       |       |       |       |       ||     1
       Channel Magic     |       |       |       |     8 |    18 |    23 |    18 |    34 ||   101
       Forget Spell      |       |       |       |       |     2 |       |     1 |     4 ||     7
 Abil: Stop Flying       |       |       |     1 |       |       |       |       |       ||     1
       End Transformatio |       |       |       |       |       |       |       |     6 ||     6
Evoke: Wand              |       |     3 |     4 |       |       |       |       |     1 ||     8
       Lightning rod     |       |       |       |       |     4 |     4 |       |       ||     8
       Phial of floods   |       |       |       |       |     2 |     1 |       |     2 ||     5
  Use: Potion            |     2 |     1 |       |       |       |       |       |     2 ||     5
       Scroll            |       |       |       |     2 |     3 |     5 |     1 |     2 ||    13
 Stab: Invisible         |       |     1 |       |       |       |       |       |       ||     1
  Eat: Chunk             |       |       |       |     6 |    11 |     8 |     8 |     6 ||    39
       Ration            |       |       |       |       |       |     1 |       |     4 ||     5
Armor: Skin              |     1 |     1 |       |     1 |     4 |     7 |     6 |    12 ||    32
Dodge: Dodged            |     6 |    14 |     6 |    17 |    27 |    29 |    23 |    38 ||   160
Block: Other             |       |     4 |     3 |    11 |    13 |    13 |       |       ||    44
       Reflection        |       |       |       |       |     3 |     2 |     1 |     7 ||    13
       Shield            |       |       |       |       |       |    13 |    20 |    75 ||   108
